TOP OF THE 1ST |
Reading Rainbows batting - Pitching for Kingston Iguanas : RHP Alberto Sánchez
|
Pitching: RHP Alberto Sánchez
|
|
Batting: RHB Carlos Huerta
|
0-0: Ball 1-0: Ball 2-0: SINGLE (Groundball, 6) (infield hit)
|
Batting: RHB José Moreno
|
0-0: Ball 1-0: SINGLE (Flyball, 9LM) Carlos Huerta to second Runner from 2nd tries for 3rd, SAFE, no throw
|
Batting: LHB Víctor Peña
|
0-0: Fly out, F7 (Line Drive, 7D) Runner from 3rd tags up, SCORES, throw made
|
Batting: RHB Ethan Moore
|
0-0: Ball 1-0: Swinging Strike 1-1: Called Strike 1-2: Ball 2-2: Ball 3-2: Foul Ball, location: 2F 3-2: Strikes out swinging José Moreno steals 2nd base Batter strikes out.
|
Batting: RHB Edmund Swanson
|
0-0: Ball 1-0: Ball 2-0: Ball 3-0: Base on Balls
|
Batting: LHB Ramón Morán
|
0-0: Ball 1-0: SINGLE (Groundball, 25) (infield hit) José Moreno to third Edmund Swanson to second
|
Batting: RHB Richard Case
|
0-0: Ball 1-0: Called Strike 1-1: Ball 2-1: Foul Ball, location: 2F 2-2: Strikes out swinging
|
Top of the 1st over - 1 run, 3 hits, 0 errors, 3 left on base; Reading 1 - Kingston 0 |
BOTTOM OF THE 1ST |
Kingston Iguanas batting - Pitching for Reading Rainbows : RHP Paul Orr
|
Pitching: RHP Paul Orr
|
|
Batting: RHB Ron Campbell
|
0-0: Called Strike 0-1: Called Strike 0-2: Ball 1-2: Ball 2-2: Ball 3-2: SINGLE (Groundball, 34D)
|
Batting: LHB Henry Durham
|
0-0: Ball Ron Campbell steals 2nd base 1-0: Ball 2-0: Called Strike 2-1: Ground out U3 (Groundball, 3) Ron Campbell to third
|
Batting: LHB Gustavo Gómez
|
0-0: Ball 1-0: 2-RUN HOME RUN (Flyball, 89XD), Distance : 388 ft
|
Batting: RHB Bob Lee
|
0-0: Ball 1-0: Foul Ball, location: 2F 1-1: Fly out, F1 (Line Drive, 13S)
|
Batting: RHB Francisco Martínez
|
0-0: Ball 1-0: Called Strike 1-1: SINGLE (Groundball, 34D)
|
Batting: RHB Andrés Bustamante
|
0-0: Swinging Strike 0-1: Foul Ball, location: 2F 0-2: Strikes out swinging
|
Bottom of the 1st over - 2 runs, 3 hits, 0 errors, 1 left on base; Reading 1 - Kingston 2 |
TOP OF THE 2ND |
Reading Rainbows batting - Pitching for Kingston Iguanas : RHP Alberto Sánchez
|
Batting: RHB Carlos Palomón
|
0-0: Fly out, F2 (Popup, 5SF)
|
Batting: RHB Ron King
|
0-0: Ball 1-0: Fly out, F8 (Flyball, 8LM)
|
Batting: RHB Carlos Huerta
|
0-0: Called Strike 0-1: Called Strike 0-2: Ball 1-2: Fly out, F5 (Line Drive, 5)
|
Top of the 2nd over - 0 runs, 0 hits, 0 errors, 0 left on base; Reading 1 - Kingston 2 |
BOTTOM OF THE 2ND |
Kingston Iguanas batting - Pitching for Reading Rainbows : RHP Paul Orr
|
Batting: RHB Sergio Mata
|
0-0: Called Strike 0-1: Called Strike 0-2: SINGLE (Flyball, 8RS)
|
Batting: SHB Júlio Valentín
|
0-0: Ball 1-0: Fly out, F6 (Line Drive, 6M)
|
Batting: RHB Argan Kamuliva
|
0-0: Ball 1-0: Foul Ball, location: 2F 1-1: DOUBLE (Flyball, 89XD) Sergio Mata to third Runner from 3rd tries for Home, SAFE, no throw
|
Batting: RHB Ron Campbell
|
0-0: Called Strike 0-1: Swinging Strike 0-2: Foul Ball, location: 2F 0-2: Foul Ball, location: 2F 0-2: Strikes out swinging
|
Batting: LHB Henry Durham
|
0-0: Called Strike 0-1: Ball 1-1: Ground out 4-3 (Groundball, 4)
|
Bottom of the 2nd over - 1 run, 2 hits, 0 errors, 1 left on base; Reading 1 - Kingston 3 |
TOP OF THE 3RD |
Reading Rainbows batting - Pitching for Kingston Iguanas : RHP Alberto Sánchez
|
Batting: RHB José Moreno
|
0-0: Ball 1-0: Ball 2-0: Called Strike 2-1: Ball 3-1: Fly out, F9 (Flyball, 9)
|
Batting: LHB Víctor Peña
|
0-0: Foul Ball, location: 2F 0-1: SINGLE (Groundball, 34D)
|
Batting: RHB Ethan Moore
|
0-0: Foul Ball, location: 2F 0-1: Foul Ball, location: 2F 0-2: Ball 1-2: Ball 2-2: Ball 3-2: DOUBLE (Line Drive, 89D) Víctor Peña to third Runner from 3rd tries for Home, SAFE, no throw
|
Batting: RHB Edmund Swanson
|
0-0: Foul Ball, location: 2F 0-1: Foul Ball, location: 2F 0-2: Fly out, F2 (Popup, 3SF)
|
Batting: LHB Ramón Morán
|
0-0: Ball 1-0: Ball 2-0: Called Strike 2-1: Fly out, F6 (Line Drive, 6M)
|
Top of the 3rd over - 1 run, 2 hits, 0 errors, 1 left on base; Reading 2 - Kingston 3 |
BOTTOM OF THE 3RD |
Kingston Iguanas batting - Pitching for Reading Rainbows : RHP Paul Orr
|
Batting: LHB Gustavo Gómez
|
0-0: Called Strike 0-1: Called Strike 0-2: Foul Ball, location: 2F 0-2: Ball 1-2: Foul Ball, location: 2F 1-2: Fly out, F5 (Popup, 5S)
|
Batting: RHB Bob Lee
|
0-0: Called Strike 0-1: Fly out, F8 (Flyball, 8RD)
|
Batting: RHB Francisco Martínez
|
0-0: Swinging Strike 0-1: Ball 1-1: Ball 2-1: Swinging Strike 2-2: Strikes out swinging
|
Bottom of the 3rd over - 0 runs, 0 hits, 0 errors, 0 left on base; Reading 2 - Kingston 3 |
TOP OF THE 4TH |
Reading Rainbows batting - Pitching for Kingston Iguanas : RHP Alberto Sánchez
|
Batting: RHB Richard Case
|
0-0: Foul Ball, location: 2F 0-1: Ball 1-1: Swinging Strike 1-2: Strikes out swinging
|
Batting: RHB Carlos Palomón
|
0-0: Ball 1-0: SINGLE (Groundball, 34D)
|
Batting: RHB Ron King
|
0-0: Ball 1-0: Fly out, F4 (Popup, 13S)
|
Batting: RHB Carlos Huerta
|
0-0: Ball 1-0: Ball 2-0: Fly out, F4 (Line Drive, 4)
|
Top of the 4th over - 0 runs, 1 hit, 0 errors, 1 left on base; Reading 2 - Kingston 3 |
BOTTOM OF THE 4TH |
Kingston Iguanas batting - Pitching for Reading Rainbows : RHP Paul Orr
|
Batting: RHB Andrés Bustamante
|
0-0: Ball 1-0: Ball 2-0: Ground out 4-3 (Groundball, 4)
|
Batting: RHB Sergio Mata
|
0-0: Called Strike 0-1: Ball 1-1: Ball 2-1: Ground out 5-3 (Groundball, 5)
|
Batting: SHB Júlio Valentín
|
0-0: Ball 1-0: Ball 2-0: Ground out 4-3 (Groundball, 4S)
|
Bottom of the 4th over - 0 runs, 0 hits, 0 errors, 0 left on base; Reading 2 - Kingston 3 |
TOP OF THE 5TH |
Reading Rainbows batting - Pitching for Kingston Iguanas : RHP Alberto Sánchez
|
Batting: RHB José Moreno
|
0-0: Ball 1-0: Ball 2-0: Ball 3-0: Called Strike 3-1: SINGLE (Groundball, 6MD)
|
Batting: LHB Víctor Peña
|
0-0: Ball 1-0: Called Strike 1-1: Called Strike 1-2: Strikes out swinging
|
Batting: RHB Ethan Moore
|
0-0: Called Strike 0-1: Called Strike 0-2: Foul Ball, location: 2F 0-2: Foul Ball, location: 2F 0-2: DOUBLE (Groundball, 5L) José Moreno to third Runner from 3rd tries for Home, SAFE, no throw
|
Batting: RHB Edmund Swanson
|
0-0: Foul Ball, location: 2F 0-1: Ball 1-1: Foul Ball, location: 2F 1-2: Ground out 5-3 (Groundball, 56)
|
Batting: LHB Ramón Morán
|
0-0: Ball 1-0: Fly out, F8 (Flyball, 8LS)
|
Top of the 5th over - 1 run, 2 hits, 0 errors, 1 left on base; Reading 3 - Kingston 3 |
BOTTOM OF THE 5TH |
Kingston Iguanas batting - Pitching for Reading Rainbows : RHP Paul Orr
|
Batting: RHB Argan Kamuliva
|
0-0: Ball 1-0: Swinging Strike 1-1: Fly out, F5 (Popup, 5SF)
|
Batting: RHB Ron Campbell
|
0-0: Foul Ball, location: 2F 0-1: Fly out, F8 (Flyball, 8RM)
|
Batting: LHB Henry Durham
|
0-0: Called Strike 0-1: Ball 1-1: SINGLE (Groundball, 34D)
|
Batting: LHB Gustavo Gómez
|
0-0: Ball 1-0: Ball 2-0: Called Strike 2-1: Ball 3-1: SINGLE (Line Drive, 89S) Henry Durham to second Runner from 2nd tries for 3rd, SAFE, no throw
|
Batting: RHB Bob Lee
|
0-0: Foul Ball, location: 2F 0-1: Fly out, F9 (Flyball, 89M)
|
Bottom of the 5th over - 0 runs, 2 hits, 0 errors, 2 left on base; Reading 3 - Kingston 3 |
TOP OF THE 6TH |
Reading Rainbows batting - Pitching for Kingston Iguanas : RHP Alberto Sánchez
|
Pitching: RHP Guo-fang Juan
|
|
Batting: RHB Richard Case
|
0-0: Ball 1-0: Ball 2-0: Called Strike 2-1: Ball 3-1: Foul Ball, location: 2F 3-2: Base on Balls
|
Batting: RHB Carlos Palomón
|
0-0: Ball Richard Case is caught stealing 2nd base 1-0: Ball 2-0: Fly out, F7 (Flyball, 7LMF)
|
Batting: RHB Ron King
|
0-0: Called Strike 0-1: Foul Ball, location: 2F 0-2: Ground out 6-3 (Groundball, 6M)
|
Top of the 6th over - 0 runs, 0 hits, 0 errors, 0 left on base; Reading 3 - Kingston 3 |
BOTTOM OF THE 6TH |
Kingston Iguanas batting - Pitching for Reading Rainbows : RHP Paul Orr
|
Batting: RHB Francisco Martínez
|
0-0: Ground out 3-1 (Groundball, 34S)
|
Batting: RHB Andrés Bustamante
|
0-0: Ball 1-0: Swinging Strike 1-1: Called Strike 1-2: Ball 2-2: Foul Ball, location: 2F 2-2: SINGLE (Groundball, 4D)
|
Batting: RHB Sergio Mata
|
0-0: Ball 1-0: Foul Ball, location: 2F 1-1: SINGLE (Groundball, 6MD) Andrés Bustamante to second
|
Batting: SHB Júlio Valentín
|
0-0: Ground out U3 (Groundball, 3) Andrés Bustamante to third Sergio Mata to second
|
Batting: RHB Argan Kamuliva
|
0-0: Ground out 4-3 (Groundball, 4)
|
Bottom of the 6th over - 0 runs, 2 hits, 0 errors, 2 left on base; Reading 3 - Kingston 3 |
TOP OF THE 7TH |
Reading Rainbows batting - Pitching for Kingston Iguanas : RHP Guo-fang Juan
|
Batting: RHB Carlos Huerta
|
0-0: Called Strike 0-1: SINGLE (Groundball, 56D)
|
Batting: RHB José Moreno
|
0-0: Ball 1-0: Called Strike 1-1: Ball 2-1: Foul Ball, location: 2F 2-2: Strikes out swinging
|
Batting: LHB Víctor Peña
|
0-0: Called Strike Carlos Huerta steals 2nd base 0-1: Foul Ball, location: 2F 0-2: Foul Ball, location: 2F 0-2: Ball 1-2: Ball 2-2: Foul Ball, location: 2F 2-2: Foul Ball, location: 2F 2-2: Ball 3-2: Intentional Walk
|
Batting: RHB Ethan Moore
|
0-0: Ball 1-0: Foul Ball, location: 2F 1-1: Ball 2-1: Ball 3-1: Foul Ball, location: 2F 3-2: 3-RUN HOME RUN (Line Drive, 7D), Distance : 376 ft
|
Pitching: RHP Bo Adams
|
|
Batting: RHB Edmund Swanson
|
0-0: DOUBLE (Line Drive, 89XD)
|
Batting: LHB Ramón Morán
|
0-0: Ball 1-0: Called Strike 1-1: Swinging Strike 1-2: Ball 2-2: Strikes out swinging
|
Batting: RHB Richard Case
|
0-0: Ball 1-0: Called Strike 1-1: Called Strike 1-2: Ball 2-2: Ball 3-2: SINGLE (Groundball, 6D) Edmund Swanson to third Edmund Swanson scores
|
Batting: RHB Carlos Palomón
|
0-0: Called Strike Richard Case steals 2nd base 0-1: Ball 1-1: Ball 2-1: Swinging Strike 2-2: Strikes out swinging
|
Top of the 7th over - 4 runs, 4 hits, 0 errors, 1 left on base; Reading 7 - Kingston 3 |
BOTTOM OF THE 7TH |
Kingston Iguanas batting - Pitching for Reading Rainbows : RHP Paul Orr
|
Batting: RHB Ron Campbell
|
0-0: Called Strike 0-1: Ball 1-1: Ball 2-1: Ball 3-1: Base on Balls
|
Pitching: RHP Gustavo Hernández
|
|
Batting: LHB Henry Durham
|
0-0: Ball 1-0: Foul Ball, location: 2F 1-1: Ball 2-1: Ball 3-1: Fly out, F6 (Line Drive, 6M)
|
Batting: LHB Gustavo Gómez
|
0-0: Ball 1-0: Swinging Strike 1-1: Ball 2-1: SINGLE (Line Drive, 34) Ron Campbell to second
|
Batting: RHB Bob Lee
|
0-0: Foul Ball, location: 2F 0-1: Swinging Strike 0-2: Ball 1-2: Ball 2-2: TRIPLE (Flyball, 89XD) Ron Campbell scores Gustavo Gómez scores
|
Batting: RHB Francisco Martínez
|
0-0: Ball 1-0: Ball 2-0: TRIPLE (Flyball, 8LXD) Bob Lee scores
|
Pitching: RHP Manny Ramos
|
|
Batting: RHB Andrés Bustamante
|
0-0: Ball 1-0: Called Strike 1-1: Ball 2-1: Ball 3-1: Foul Ball, location: 2F 3-2: Base on Balls
|
Pinch Hitting: LHB Jon Quinn
|
0-0: Called Strike 0-1: Ball 1-1: Ball 2-1: Foul Ball, location: 2F 2-2: Strikes out swinging
|
Batting: SHB Júlio Valentín
|
0-0: Fly out, F5 (Popup, 25F)
|
Bottom of the 7th over - 3 runs, 3 hits, 0 errors, 2 left on base; Reading 7 - Kingston 6 |
TOP OF THE 8TH |
Reading Rainbows batting - Pitching for Kingston Iguanas : RHP Bo Adams
|
Now at 3B: John Beach
|
|
Batting: RHB Ron King
|
0-0: Called Strike 0-1: SINGLE (Line Drive, 9LS)
|
Batting: RHB Carlos Huerta
|
0-0: Sac Bunt - play at first, batter OUT! 1-4 Ron King to second
|
Batting: RHB José Moreno
|
0-0: Ball 1-0: Called Strike 1-1: Foul Ball, location: 2F 1-2: Ball 2-2: Strikes out swinging
|
Batting: LHB Víctor Peña
|
0-0: Ground out 4-3 (Groundball, 4)
|
Top of the 8th over - 0 runs, 1 hit, 0 errors, 1 left on base; Reading 7 - Kingston 6 |
BOTTOM OF THE 8TH |
Kingston Iguanas batting - Pitching for Reading Rainbows : RHP Manny Ramos
|
Batting: RHB Argan Kamuliva
|
0-0: Ball 1-0: Foul Ball, location: 2F 1-1: Ground out 4-3 (Groundball, 4)
|
Batting: RHB Ron Campbell
|
0-0: Ball 1-0: SINGLE (Line Drive, 7S)
|
Batting: LHB Henry Durham
|
0-0: Fielders Choice at 2nd, 4-6 (Groundball, 4)
|
Pinch Runner at 1st Justin McCoy:
|
|
Batting: LHB Gustavo Gómez
|
0-0: Called Strike 0-1: Swinging Strike 0-2: Ball 1-2: Ball 2-2: SINGLE (Line Drive, 78S) Justin McCoy to second
|
Batting: RHB Bob Lee
|
0-0: Called Strike 0-1: Ball 1-1: Called Strike 1-2: SINGLE (Line Drive, 8RS) Justin McCoy to third Gustavo Gómez to second Runner from 3rd tries for Home, throw and OUT!
|
Bottom of the 8th over - 0 runs, 3 hits, 0 errors, 2 left on base; Reading 7 - Kingston 6 |
TOP OF THE 9TH |
Reading Rainbows batting - Pitching for Kingston Iguanas : RHP Bo Adams
|
Pitching: RHP Ángel Casillas
|
|
Now in LF: Justin McCoy
|
|
Batting: RHB Ethan Moore
|
0-0: Called Strike 0-1: Ball 1-1: Swinging Strike 1-2: Ball 2-2: Ball 3-2: Foul Ball, location: 2F 3-2: Fly out, F9 (Line Drive, 9S)
|
Batting: RHB Edmund Swanson
|
0-0: Ball 1-0: Ball 2-0: Ball 3-0: Base on Balls
|
Batting: LHB Ramón Morán
|
0-0: Called Strike 0-1: Called Strike 0-2: Strikes out looking
|
Batting: RHB Richard Case
|
0-0: Swinging Strike 0-1: Ball 1-1: Called Strike Edmund Swanson steals 2nd base 1-2: Strikes out swinging
|
Top of the 9th over - 0 runs, 0 hits, 0 errors, 1 left on base; Reading 7 - Kingston 6 |
BOTTOM OF THE 9TH |
Kingston Iguanas batting - Pitching for Reading Rainbows : RHP Manny Ramos
|
Pitching: RHP Michael Bane
|
|
Batting: RHB Francisco Martínez
|
0-0: Swinging Strike 0-1: Ball 1-1: Ball 2-1: Foul Ball, location: 2F 2-2: Ball 3-2: Base on Balls
|
Batting: RHB Andrés Bustamante
|
0-0: Called Strike 0-1: Ball 1-1: Foul Ball, location: 2F 1-2: Foul Ball, location: 2F 1-2: Ball 2-2: Foul Ball, location: 2F 2-2: Ball 3-2: Grounds into double play, 4-6-3 (Groundball, 4)
|
Batting: SHB John Beach
|
0-0: Ball 1-0: Fly out, F8 (Flyball, 8RD)
|
Bottom of the 9th over - 0 runs, 0 hits, 0 errors, 0 left on base; Reading 7 - Kingston 6 |
|